 Dungeon Crawl Stone Soup version 0.32-a0-798-gfa783ce77f (webtiles) character file.

Game seed: 4272090113419439148

59 Essalna the Digger (level 3, -2/29 HPs)
             Began as a Draconian Earth Elementalist on Mar 21, 2024.
             Slain by Sigmund
             ... wielding a +2 scythe of venom
              (12 damage)
             ... on level 2 of the Dungeon.
             The game lasted 00:02:16 (1325 turns).

Essalna the Digger (Draconian Earth Elementalist)   Turns: 1325, Time: 00:02:16

Health: -2/29      AC:  5    Str: 10    XL:     3   Next: 78%
Magic:  4/6        EV: 10    Int: 17    God:
Gold:   43         SH:  3    Dex: 11    Spells: 5/6 levels left

rFire   . . .        g - +0 dagger (freeze)
rCold   . . .        e - +0 buckler
rNeg    . . .        (body armour unavailable)
rPois   .            (helmet restricted)
rElec   .            (no cloak)
rCorr   .            (no gloves)
SInv    .            (no boots)
Will    .....        (no amulet)
Stlth   ++           (no ring)
HPRegen 0.24/turn    (no ring)
MPRegen 0.10/turn

%: no passive effects
@: lethally poisoned (-2 -> -9)
A: AC +5, unfitting armour, cold-blooded
a: no special abilities


You were on level 2 of the Dungeon.
You visited 1 branch of the dungeon, and saw 2 of its levels.

You collected 43 gold pieces.

Inventory:

Hand Weapons
 c - a +0 dagger
 g - a +0 dagger of freezing (weapon)
Armour
 e - a +0 buckler (worn)
Scrolls
 b - 2 scrolls of identify {unknown}
 d - a scroll of blinking {unknown}
 h - a scroll of teleportation {unknown}
 j - a scroll of fear {unknown}
Potions
 a - a potion of magic
 f - 2 potions of curing {unknown}
 i - a potion of might {unknown}


   Skills:
 + Level 1.6 Fighting
 - Level 1.7 Dodging
 - Level 1.7 Stealth
 + Level 0.7 Shields
 + Level 2.4 Spellcasting
 + Level 1.9 Conjurations
 + Level 3.4 Earth Magic


You had 5 spell levels left.
You knew the following spells:

 Your Spells              Type           Power      Damage    Failure   Level
a - Sandblast             Erth           26%        2d8       7%          1

Your spell library contained the following spells:

 Spells                   Type           Power      Damage    Failure   Level
 Passwall                 Erth           13%        N/A       21%         3
 Stone Arrow              Conj/Erth      22%        3d8       28%         3
 Brom's Barrelling Bould  Conj/Erth      11%        2d3       67%         4
 Petrify                  Alch/Erth      7%         N/A       80%         4


Dungeon Overview and Level Annotations

Branches:
Dungeon (2/15)

Altars:

Annotations:
D:2 Sigmund


Innate Abilities, Weirdness & Mutations

Your plain brown scales are hard. (AC +5)
You cannot fit into any form of body armour.
You are cold-blooded and may be slowed by cold attacks.


Message History

You can't see any susceptible monsters within range! (Use Z to cast anyway.)
You can't see any susceptible monsters within range! (Use Z to cast anyway.)
You can't see any susceptible monsters within range! (Use Z to cast anyway.)
You can't see any susceptible monsters within range! (Use Z to cast anyway.)
The adder hisses angrily.
The blast of sand hits the adder!
The adder is severely wounded.
The adder closely misses you.
The blast of sand hits the adder.
You kill the adder!
You can't see any susceptible monsters within range! (Use Z to cast anyway.)
You can't see any susceptible monsters within range! (Use Z to cast anyway.)
You see here an adder corpse.
You enter the shallow water.
Moving in this stuff is going to be slow.
You enter the shallow water.
Moving in this stuff is going to be slow.
Sigmund shouts!
The blast of sand misses Sigmund.
Sigmund gestures at you while chanting. The puff of flame misses you.
The blast of sand hits Sigmund!
Sigmund is moderately wounded.
You are engulfed in a cloud of scalding steam.
Sigmund casts a spell.
Sigmund flickers and vanishes!
Deactivating autopickup; reactivate with Ctrl-A.
You are too injured to fight recklessly!
You are too injured to fight recklessly!
Something hits you.
You are poisoned.
You feel very sick.
Casting: Sandblast (safe; 7% risk of failure)
Confirm with . or Enter, or press ? or * to list all spells.
Aiming: Sandblast (safe; 7% risk of failure)
Press: ? - help, Shift-Dir - straight line The blast of sand hits something but does no damage.
You feel very sick. Something hits you!
You die...

##.~~~P~....##
##..♣~~P~.....#
#...♣P~P♣♣....#
##...~~~~~♣....#
#P†..~~~P~~....######
#♣~~...~≈~~~..........
♣~~~..~~P~≈~♣...######
♣~~~..~~~≈~≈P~..#####.
♣~P..@.P~~~~~♣........
♣♣~~..~♣~P~~~♣........
♣~~P{..~~P~~P♣........
♣~P~..~~~P~~~P###...#.
♣P~~...~~~~~~♣ ###...
♣♣~~...~~~~♣~ ##..
♣♣~~...PP... ## ##<
~♣~..~♣#... .# ## #
~........##.#


There were no monsters in sight!

Vanquished Creatures
  2 adders (D:2)
  A dart slug (D:2)
  4 ball pythons
  2 bats (D:1)
  4 endoplasms (D:1)
  A giant cockroach (D:1)
  4 goblins (D:1)
  3 hobgoblins
  3 jackals (D:1)
  A kobold (D:1)
  4 quokkas (D:1)
  2 frilled lizards (D:2)
  A rat (D:1)
32 creatures vanquished.

Notes
Turn   | Place    | Note
-------+----------+-------------------------------------------
     0 | D:1      | Essalna the Draconian Earth Elementalist began the quest
                  | for the Orb.
     0 | D:1      | Reached XP level 1. HP: 14/14 MP: 3/3
   109 | D:1      | Reached XP level 2. HP: 22/22 MP: 0/5
   289 | D:1      | Reached skill level 1 in Fighting
   562 | D:1      | Reached XP level 3. HP: 28/28 MP: 0/6
  1045 | D:2      | Noticed Sigmund
  1325 | D:2      | Slain by Sigmund

Illustrated notes

Levels and vault maps discovered:
D:1:      hellmonk_arrival_library, layout_basic
D:2:      minmay_kobold_bridge, layout_rooms, serial_bayou, serial_bayou_ford_a,
          serial_bayou_pond_d, serial_bayou_pond_b, serial_bayou_crossing,
          serial_park_tiny_pond, small_statue_intersection, uniq_sigmund,
          uniq_terence

Skill      XL: |  1  2 |
---------------+-------+-----
Fighting       | 1 |  1.6
Dodging        | |  1.7
Stealth        | |  1.7
Shields        | |  0.7
Spellcasting   | |  2.4
Conjurations   | |  1.9
Earth Magic    | |  3.4

Action                     || total
---------------------------++-------
  Melee: Dagger            ||    18
   Cast: Sandblast         ||    50
 Armour: Skin              ||    22
  Dodge: Dodged            ||    52
  Block: Buckler           ||     1

Table legend: (Time is in decaauts)
 A = Elapsed time spent in this place.
 B = Non-inter-level travel time spent in this place.
 C = Inter-level travel time spent in this place.
 D = Time resting spent in this place.
 E = Time spent auto-exploring this place.
 F = Levels seen in this place.
 G = Mean time per level.
                   A        B        C        D        E       F      G
               +--------+--------+--------+--------+--------+-----+--------+
         Total |   1352 |   1340 |     12 |      0 |   1102 |   2 |  676.0 |
       Dungeon |   1352 |   1340 |     12 |      0 |   1102 |   2 |  676.0 |
               +--------+--------+--------+--------+--------+-----+--------+

Top non-repeatable levels by time:
     D:1: 1062 daAuts
     D:2: 290 daAuts
